 Dungeon Crawl Stone Soup version 0.29-a0-234-g0dae59b3db (webtiles) character file.

Game seed: 5047034091639371126

126 shoop the Vexing (level 4, -2/24 HPs)
             Began as a Deep Elf Arcane Marksman on Mar 3, 2022.
             Slain by an orc
             ... wielding a +0 morningstar
              (12 damage)
             ... on level 3 of the Dungeon.
             The game lasted 00:03:50 (2584 turns).

shoop the Vexing (Deep Elf Arcane Marksman)         Turns: 2584, Time: 00:03:50

Health: -2/24      AC:  2    Str:  7    XL:     4   Next: 84%
Magic:  8/9        EV: 12    Int: 20    God:
Gold:   104        SH:  0    Dex: 15    Spells: 3/7 levels left

rFire   . . .      SeeInvis .   a - +0 shortbow
rCold   . . .      Faith    .   (shield currently unavailable)
rNeg    . . .      Spirit   .   b - +0 robe
rPois   .          Reflect  .   (no helmet)
rElec   .          Harm     .   (no cloak)
rCorr   .          Rampage  .   (no gloves)
Will    .....                   (no boots)
Stlth   ++........              (no amulet)
HPRegen 0.08/turn               (no ring)
MPRegen 0.11/turn               (no ring)

@: no status effects
A: no striking features
a: no special abilities


You were on level 3 of the Dungeon.
You visited 1 branch of the dungeon, and saw 3 of its levels.

You collected 104 gold pieces.

Inventory:

Hand Weapons
 a - a +0 shortbow (weapon)
Armour
 b - a +0 robe (worn)
 h - a scarf of shadows
Scrolls
 c - 2 scrolls of identify {unknown}
 j - 3 scrolls of magic mapping {unknown}
Potions
 d - a potion of cancellation {unknown}
 f - a potion of lignification {unknown}
 g - a potion of degeneration {unknown}
 i - a potion of might {unknown}
 k - a potion of heal wounds {unknown}


   Skills:
 - Level 0.7 Fighting
 - Level 4.0 Bows
 - Level 2.4 Dodging
 - Level 3.0 Stealth
 + Level 2.4 Spellcasting
 * Level 5.1 Hexes
 + Level 1.4 Fire Magic


You had 3 spell levels left.
You knew the following spells:

 Your Spells              Type           Power      Damage    Failure   Level
a - Slow                  Hex            92%        N/A       1%          1
c - Inner Flame           Hex/Fire       15%        N/A       12%         3

Your spell library contained the following spells:

 Spells                   Type           Power      Damage    Failure   Level
 Shock                    Conj/Air       8%         1d3       16%         1
 Portal Projectile        Hex/Tloc       24%        N/A       16%         3
 Summon Guardian Golem    Hex/Summ       12%        N/A       16%         3
 Cause Fear               Hex            11%        N/A       19%         4
 Orb of Destruction       Conj           1%         9d5       100%        7
 Spellforged Servitor     Conj/Summ      1%         N/A       100%        7


Dungeon Overview and Level Annotations

Branches:
Dungeon (3/15)

Altars:

Annotations:
D:2 Sigmund


Message History

The orc is lightly wounded.
You hear a shout!
An orc comes into view. It is wielding a +0 club.
You shoot an arrow. The arrow completely misses the orc.
The orc shouts!
The arrow hits the orc!
You kill the orc!
An orc comes into view. It is wielding a +0 whip.
You shoot an arrow. The arrow barely misses the orc.
The orc shouts!
The arrow hits the orc!
You kill the orc!
A hobgoblin comes into view.
An orc comes into view.
It is wielding a +0 short sword of flaming.
You shoot an arrow. The orc shouts!
The arrow hits the hobgoblin.
You kill the hobgoblin!
A dart slug comes into view.
You shoot an arrow. The arrow closely misses the orc. x2
The dart slug launches a dart at you. The slug dart hits you.
The orc hits you with a +0 morningstar!
You are too injured to fight recklessly!
You are too injured to fight recklessly!
The dart slug launches a dart at you. The slug dart hits you.
You see here an adder corpse.
The orc throws a boomerang.
The boomerang misses you.
The orc throws a boomerang.
The boomerang misses you.
You see here a +0 whip.
There is a stone staircase leading up here.
Casting: Slow (safe; 1% risk of failure)
Confirm with . or Enter, or press ? or * to list all spells.
Aiming: Slow (safe; 1% risk of failure)
Press: ? - help, Shift-Dir - straight line, f/p - orc
Aim: an orc, wielding a +0 morningstar and wearing a +0 ring mail (lightly wounded, chance to affect: 78%)
The orc barely resists.
The orc completely misses you. The orc hits you with a +0 morningstar!
Ouch! That really hurt!
You die...

##.##....#
#..#..##.#
#....###.#
#...####.#
##.......#
#######.#
#.# #o#
#@# ###


You could see an orc.

Vanquished Creatures
  Terence (D:2)
  3 adders
  2 worms (D:2)
  3 dart slugs
  2 orcs (D:3)
  3 ball pythons
  2 bats
  3 endoplasms (D:1)
  3 giant cockroaches
  4 goblins
  10 hobgoblins
  3 jackals
  6 kobolds
  2 quokkas
  3 frilled lizards
  6 rats
56 creatures vanquished.

Vanquished Creatures (others)
  3 fungi (D:2)
  A plant (D:2)
4 creatures vanquished.

Grand Total: 60 creatures vanquished

Notes
Turn   | Place    | Note
-------+----------+-------------------------------------------
     0 | D:1      | shoop the Deep Elf Arcane Marksman began the quest for the
                  | Orb.
     0 | D:1      | Reached XP level 1. HP: 11/11 MP: 5/5
    16 | D:1      | Reached skill level 1 in Stealth
    50 | D:1      | Reached XP level 2. HP: 16/16 MP: 6/6
   503 | D:1      | Reached XP level 3. HP: 20/20 MP: 7/7
   586 | D:1      | Learned a level 3 spell: Inner Flame
   814 | D:2      | Noticed Sigmund
  1436 | D:2      | Reached XP level 4. HP: 19/24 MP: 6/9
  1617 | D:2      | Noticed Terence
  1858 | D:2      | Found a faded altar of an unknown god.
  1868 | D:2      | Got Plato's Handbook of Lightness
  2231 | D:2      | Killed Terence
  2232 | D:2      | Reached skill level 1 in Fire Magic
  2360 | D:3      | Reached skill level 5 in Hexes
  2584 | D:3      | Slain by an orc

Illustrated notes

Levels and vault maps discovered:
D:1:      minmay_arrival_jagged, layout_loops_ring,
          amcnicky_mini_rare_corridor_liquid
D:2:      layout_loops_corners, shapermc_ecumenical_altar_rom_forum,
          minmay_pentomino_p4, uniq_terence, uniq_sigmund
D:3:      layout_basic, minmay_parallelograms, uniq_robin, uniq_ijyb

Skill      XL: |  1  2  3  4 |
---------------+-------------+-----
Stealth        | 2 3 |  3.0
Bows           | 3 4 |  4.0
Spellcasting   | 2 |  2.4
Fire Magic     | 1 |  1.4
Hexes          | 5 |  5.1
Fighting       | |  0.7
Dodging        | |  2.4

Action                   |  1- 3 |  4- 6 || total
-------------------------+-------+-------++-------
 Fire: Shortbow          |   114 |    44 ||   158
 Cast: Slow              |     2 |     5 ||     7
       Inner Flame       |       |     1 ||     1
  Use: Potion            |       |     2 ||     2
Armor: Robe              |     3 |       ||     3
Dodge: Dodged            |    26 |    16 ||    42

Table legend: (Time is in decaauts)
 A = Elapsed time spent in this place.
 B = Non-inter-level travel time spent in this place.
 C = Inter-level travel time spent in this place.
 D = Time resting spent in this place.
 E = Time spent auto-exploring this place.
 F = Levels seen in this place.
 G = Mean time per level.
                   A        B        C        D        E       F      G
               +--------+--------+--------+--------+--------+-----+--------+
         Total |   2637 |   2482 |    155 |    240 |   1843 |   3 |  879.0 |
       Dungeon |   2637 |   2482 |    155 |    240 |   1843 |   3 |  879.0 |
               +--------+--------+--------+--------+--------+-----+--------+

Top non-repeatable levels by time:
     D:2: 1343 daAuts
     D:1: 1018 daAuts
     D:3: 275 daAuts
